 Dungeon Crawl Stone Soup version 0.22-a0-223-g0f5d773 (webtiles) character file.

242070 Amnesiac the Spry (level 19, -24/98 HPs)
             Began as a Spriggan Artificer on Feb 19, 2018.
             Was an Initiate of Gozag.
             Collided with a rock wall (40 damage)
             ... caused by Bai Suzhen
             ... on level 3 of the Spider Nest.
             The game lasted 02:09:18 (47273 turns).

Amnesiac the Spry (Spriggan Artificer)             Turns: 47273, Time: 02:09:19

Health: -24/98     AC: 12    Str: 12    XL:     19   Next: 9%
Magic:  33/44      EV: 17    Int: 11    God:    Gozag
Gold:   7678       SH:  0    Dex: 18    Spells: 21/40 levels left

rFire    + . .     SeeInvis +   a - +9 quick blade (pierce)
rCold    + . .     Gourm    .   I - +0 buckler
rNeg     . . .     Faith    .   K - +2 robe {rF+}
rPois    .         Spirit   .   C - +2 hat
rElec    +         Reflect  .   h - +2 cloak
rCorr    .         Harm     .   (gloves unavailable)
MR       +++..                  (boots unavailable)
Stlth    +++++++...             c - amulet of the acrobat
HPRegen  0.26/turn              g - +3 ring of protection
MPRegen  0.29/turn              u - ring "Wigapan" {+Inv rElec rC+ MP+9 Int-2}

@: held, studying 2 skills, very quick
A: very small, unfitting armour, camouflage 1, see invisible, herbivore, speed
3, frail 1, slow metabolism 2, weak 1
}: 1/15 runes: decaying
a: Potion Petition, Call Merchant, Bribe Branch, Renounce Religion, Evoke
Invisibility


You were on level 3 of the Spider Nest.
You worshipped Gozag.
Gozag was greatly pleased with you.
You were not hungry.

You visited 6 branches of the dungeon, and saw 30 of its levels.
You also visited: Ossuary and Volcano.

You collected 12389 gold pieces.
You spent 4657 gold pieces at shops.
You paid 54 gold pieces to Gozag.

Inventory:

Hand Weapons
 a - a +9 quick blade of piercing (weapon)
 b - a +3 blowgun
 G - a +1 demon blade of flaming
Missiles
 i - 6 needles of confusion
 k - 15 curare-tipped needles
 L - 12 throwing nets (quivered)
Armour
 h - a +2 cloak (worn)
 C - a +2 hat (worn)
 I - a +0 buckler (worn)
 K - a +2 robe of fire resistance (worn)
Jewellery
 c - an amulet of the acrobat (around neck)
 g - a +3 ring of protection (left hand)
 u - the ring "Wigapan" (right hand) {+Inv rElec rC+ MP+9 Int-2}
   (You found it on level 1 of the Spider Nest)

   [ring of protection from cold]

   It affects your intelligence (-2).
   It protects you from cold.
   It insulates you from electricity.
   It affects your magic capacity (+9).
   It lets you turn invisible.
 A - the ring "Pudugox" {Int+8 SInv}
   (You found it on level 1 of the Spider Nest)

   [ring of see invisible]

   It affects your intelligence (+8).
   It lets you see invisible.
 Z - the ring of the Secret Deaths {+Fly rF+}
   (You found it on level 3 of the Lair of Beasts)

   [ring of flight]

   It protects you from fire.
   It lets you fly.
Wands
 d - a wand of enslavement (10)
 n - a wand of digging (5)
 s - a wand of acid (12)
 w - a wand of disintegration (20)
 B - a wand of iceblast (2)
 M - a wand of scattershot (7)
 P - a wand of random effects (11)
 R - a wand of clouds (3)
 V - a wand of flame (25)
 X - a wand of paralysis (13)
 Y - a wand of polymorph (75)
Scrolls
 q - 11 scrolls of remove curse {!r}
 r - 2 scrolls of amnesia {!r}
 t - 5 scrolls of magic mapping {!r}
 v - 12 scrolls of teleportation {!r}
 x - 3 scrolls of identify {!r}
 y - 4 scrolls of summoning {!r}
 E - 6 scrolls of fear {!r}
 F - 3 scrolls of blinking {!r}
 W - a scroll of enchant weapon {!r}
Potions
 e - 2 potions of heal wounds {!q}
 l - 5 potions of resistance {!q}
 z - 3 potions of agility {!q}
 H - 5 potions of might {!q}
 J - 10 potions of curing {!q}
 N - 3 potions of haste {!q}
 O - 4 potions of berserk rage {!q}
 Q - a potion of magic {!q}
 S - a potion of mutation {!q}
 T - 6 potions of brilliance {!q}
Books
 p - a manual of Charms
 D - a manual of Armour
Miscellaneous
 f - a fan of gales
 j - 3 sacks of spiders
 o - 3 boxes of beasts
 U - a phantom mirror
Comestibles
 m - 13 rations


   Skills:
 * Level 15.9 Fighting
 - Level 15.0 Short Blades
 + Level 19.1 Dodging
 - Level 15.0 Stealth
 - Level 9.0 Shields
 - Level 11.0 Spellcasting
 - Level 15.5 Hexes
 - Level 14.0 Evocations


You had 21 spell levels left.
You knew the following spells:

 Your Spells              Type           Power        Failure   Level  Hunger
a - Invisibility          Hex            #####...     3%          6    #######
b - Summon Butterflies    Summ           #.......     12%         1    None
c - Apportation           Tloc           #.....       12%         1    None
d - Ensorcelled Hibernat  Hex/Ice        ###...       1%          2    None
e - Confuse               Hex            #####...     1%          3    ##.....
v - Blink                 Tloc           N/A          17%         2    None
w - Tukima's Dance        Hex            #####...     1%          3    ##.....
z - Confusing Touch       Hex            #####.       1%          1    None


Dungeon Overview and Level Annotations

Branches:
Dungeon (11/15)            Temple (0/1) D:6            Lair (6/6) D:9
  Swamp (4/4) Lair:3       Spider (4/4) Lair:2        Slime (0/5) Lair:5
    Orc (2/2) D:11            Elf (3/3) Orc:2

Altars:
Cheibriados
Elyvilon
Fedhas
Gozag
Hepliaklqana
Makhleb
Okawaru
Qazlal
The Shining One

Shops:
D:4 }:*:   Orc:2 ?[:}   Elf:1 *   Elf:3 (

Annotations:
Spider:3 Bai Suzhen


Innate Abilities, Weirdness & Mutations

You are very small and have problems with some larger weapons.
You are too small for most types of armour.
You have supernaturally acute eyesight. (SInv)
You are a herbivore.
You cover ground extremely quickly.
You need consume almost no food.
Your skin changes colour to match your surroundings (Stealth+).
You are frail. (-10% HP)
You are weak. (Str -2)


Message History

Bai Suzhen breathes water at you. The torrent of water misses you.
The wave splashes down.
You enter the shallow water.
Moving in this stuff is going to be slow.
Bai Suzhen roars!
A violent storm begins to rage around Bai Suzhen.
Evoke which item? (* to show all) (? for menu, Esc to quit)
Aiming: Cloud Cone
Press: ? - help, Dir - move target cursor You create a blast of flame!
You hit Bai Suzhen but do no damage.
You are standing in a thunderstorm.
You completely miss Bai Suzhen.
You are standing in a thunderstorm.
You barely miss Bai Suzhen.
You are standing in a thunderstorm.
You block Bai Suzhen's attack. x2; Bai Suzhen completely misses you.
You hit Bai Suzhen but do no damage.
You are standing in a thunderstorm.
You hit Bai Suzhen but do no damage. You puncture Bai Suzhen!
Bai Suzhen is lightly wounded.
Bai Suzhen bites you but does no damage.
Bai Suzhen claws you! Bai Suzhen tramples you.
You stumble backwards!
You hit Bai Suzhen but do no damage.
Bai Suzhen is lightly wounded.
You are standing in a thunderstorm.
Evoke which item? (* to show all) (? for menu, Esc to quit)
Aiming: Cloud Cone
Press: ? - help, Dir - move target cursor, f - Bai Suzhen
Aim: Bai Suzhen (lightly wounded)
You create a blast of poison gas!
You are standing in a thunderstorm.
You are struck by lightning!
You resist.
Bai Suzhen roars, "Even the heavens can't separate us forever!"
Bai Suzhen bites you. You block Bai Suzhen's attack. x2
You hit Bai Suzhen but do no damage.
Bai Suzhen is lightly wounded.
You are standing in a thunderstorm.
You hit Bai Suzhen but do no damage.
Bai Suzhen is lightly wounded.
You are standing in a thunderstorm.
You are struck by lightning!
Bai Suzhen completely misses you. Bai Suzhen claws you.
Bai Suzhen tramples you but does no damage.
You pick your way through the web.
There is a web here.
You are caught in the web!
There is a web here.
You disentangle yourself.
Bai Suzhen tears through a web.
You swing at nothing.
You swing at nothing.
Bai Suzhen tears through a web.
You puncture Bai Suzhen!
Bai Suzhen is lightly wounded.
You are standing in a thunderstorm.
Unknown command.
Evoke which item? (* to show all) (? for menu, Esc to quit)
Okay, then.
You are caught in the web!
There is a web here.
You struggle to detach yourself from the web.
You struggle to detach yourself from the web.
You are standing in a thunderstorm.
Bai Suzhen breathes water at you. The torrent of water hits you!
* * * LOW HITPOINT WARNING * * *
You are knocked back by the torrent of water.
You slam into the rock wall!
You die...
Your body crumbles into a pile of gold.

#.... #..§. ###
###.#§ ###.##
###..§## ###
###.§#.###§#§§##
##.##
###§§####.#§§D###
#...## #§§§§#
#..#≈##
#....###§D§§#
#..###
##.##.###@### ####
####.##.####.#
#####^#..#.###..##
##..#.#...##.^...#
#..#.#######....##
#..### ##..##
#..#.## ####
#^##..# #.....#


You could see Bai Suzhen.

Vanquished Creatures
  5 deep elf blademasters
  4 deep elf master archers (Elf:3)
  Donald (Swamp:1)
  5 deep elf sorcerers
  Aizul (Swamp:3)
  A ghost moth (Spider:3)
  An emperor scorpion (Spider:3)
  2 deep elf elementalists (Elf:3)
  4 deep elf annihilators (Elf:3)
  2 deep elf demonologists (Elf:3)
  A spark wasp (Spider:3)
  The ghost of Amnesiac the Fetichist, a journeyman SpAr of Gozag (Elf:1)
  Snorg (Lair:6)
  3 deep elf death magi (Elf:3)
  3 fire dragons (Swamp:4)
  12 hydras
  Erolcha (Orc:2)
  Erica (D:8)
  6 alligators
  A ghost crab (Swamp:4)
  An ogre mage (Orc:2)
  3 two-headed ogres
  A death knight (D:11)
  3 orc high priests (Orc:2)
  Urug (Orc:1)
  Nergalle (D:11)
  20 deep elf knights
  3 spriggans
  An unseen horror (D:10)
  8 swamp dragons
  A spriggan druid (Swamp:4)
  13 deep elf archers
  A phantasmal warrior (D:11)
  2 shambling mangroves
  Pikel (D:6)
  13 orb spiders
  63 deep elf magi
  3 orc sorcerers
  2 moths of wrath
  3 orc knights
  3 salamanders (Volcano)
  2 oklob plants
  22 wolf spiders
  A salamander (shapeshifter) (Elf:2)
  2 ugly things
  A cyclops (D:11)
  A manticore (D:11)
  4 black mambas
  Maurice (Orc:1)
  6 torpor snails
  4 komodo dragons
  9 demonic crawlers
  A spiny frog (shapeshifter) (Elf:1)
  30 spiny frogs
  3 rime drakes
  2 freezing wraiths (D:11)
  8 tyrant leeches
  A queen bee (Spider:2)
  2 trolls (Orc:2)
  3 meliai (Spider:2)
  33 jumping spiders
  2 polar bears (Lair:5)
  7 hornets
  Prince Ribbit (D:6)
  27 blink frogs
  13 slime creatures
  8 bog bodies
  A raiju (Lair:1)
  6 hippogriffs
  2 air elementals
  37 yaks
  55 redbacks
  2 shadows
  A water elemental (Elf:3)
  3 wyverns
  A wraith (D:11)
  Sigmund (D:6)
  5 fire bats
  18 tarantellas
  A vampire (D:8)
  A fire elemental (Elf:1)
  A steam dragon (Swamp:4)
  2 basilisks
  19 swamp worms
  5 hungry ghosts
  3 wargs
  Grum (D:11)
  27 vampire mosquitoes
  15 water moccasins
  8 porcupines
  5 ice beasts
  11 swamp drakes
  3 slaves (D:6)
  5 black bears
  A phantom (D:10)
  12 ogres
  19 orc warriors
  11 wolves
  4 centaurs
  13 crocodiles
  23 bullfrogs
  2 big kobolds
  2 earth elementals (Elf:2)
  A gnoll sergeant (Orc:2)
  3 scorpions
  A wyvern skeleton (D:11)
  12 wights
  24 killer bees
  2 howler monkeys (D:11)
  3 electric eels
  6 crimson imps
  2 bullfrog zombies
  7 centaur zombies
  2 lava snakes (Swamp:4)
  9 hounds
  4 jellies
  2 bullfrog skeletons
  A centaur skeleton (D:9)
  15 orc priests
  Crazy Yiuf (D:6)
  3 iguanas
  22 orc wizards
  6 worker ants
  A killer bee zombie (D:6)
  4 big kobold zombies (Ossuary)
  3 hound zombies
  A hound skeleton (D:4)
  2 mummies (Ossuary)
  A worker ant zombie (D:9)
  12 gnolls
  12 adders
  3 shadow imps
  5 oozes
  2 adder skeletons
  4 worms
  2 dart slugs
  10 leopard geckos
  71 orcs
  11 bats
  4 giant cockroaches
  9 goblins
  5 hobgoblins
  7 jackals
  22 kobolds
  8 quokkas
  3 ball pythons
  6 frilled lizards
  3 hobgoblin zombies
  A jackal skeleton (D:4)
  A leopard gecko skeleton (D:7)
  A quokka zombie (D:5)
  8 rats
  A rat zombie (D:7)
  2 plants
1074 creatures vanquished.

Vanquished Creatures (collateral kills)
  A fire crab (Swamp:4)
  A swamp dragon (Swamp:4)
  A lindwurm (Swamp:4)
  2 orc knights (Orc:2)
  An orc sorcerer (Orc:2)
  2 jumping spiders (Spider:1)
  A tarantella (Spider:1)
  A steam dragon (Swamp:4)
  A vampire mosquito (Swamp:3)
  A swamp worm (Swamp:3)
  A swamp drake (Swamp:4)
  An ogre (Orc:2)
  2 orc priests (Orc:2)
  3 orc wizards (Orc:2)
  2 mummies (Ossuary)
  4 orcs
25 creatures vanquished.

Vanquished Creatures (others)
  A deep elf knight (Elf:1)
  A spiny frog (Swamp:4)
  A swamp dragon (Swamp:4)
  A lindwurm (Swamp:4)
  A wolf spider (Spider:1)
  A jumping spider (Spider:1)
  24 dancing weapons
  A tarantella (Spider:1)
  A basilisk (Lair:5)
  2 steam dragons (Swamp:4)
  A swamp worm (Swamp:3)
  A porcupine (Lair:2)
  3 swamp drakes (Swamp:4)
  2 centaurs (Volcano)
  Blork the orc (D:6)
  A vampire bat (Lair:5)
  An orc wizard (D:11)
  An adder (D:2)
  A bat (Lair:5)
  11 fungi
  50 plants
107 creatures vanquished.

Grand Total: 1206 creatures vanquished

Notes
Turn   | Place    | Note
-------+----------+-------------------------------------------
     0 | D:1      | Amnesiac the Spriggan Artificer began the quest for the Orb.
     0 | D:1      | Reached XP level 1. HP: 9/9 MP: 4/4
   236 | D:1      | Reached skill level 1 in Fighting
   370 | D:2      | Reached XP level 2. HP: 13/14 MP: 6/6
   476 | D:2      | Reached skill level 5 in Evocations
   753 | D:3      | Reached XP level 3. HP: 18/18 MP: 8/8
   808 | D:3      | Found a faded altar of an unknown god.
   887 | D:3      | Reached XP level 4. HP: 22/22 MP: 9/9
  1187 | D:4      | Found an opulent altar of Gozag.
  1322 | D:3      | Found a white marble altar of Elyvilon.
  1433 | D:3      | Reached XP level 5. HP: 25/25 MP: 11/11
  1713 | D:4      | Became a worshipper of Gozag Ym Sagoz the Greedy
  3105 | D:2      | Found an iron altar of Okawaru.
  3151 | D:2      | Reached XP level 6. HP: 28/30 MP: 13/13
  3290 | D:2      | Noticed an orc warrior
  3291 | D:2      | Noticed an orc warrior
  3396 | D:2      | Killed an orc warrior
  3786 | D:2      | Killed an orc warrior
  4113 | D:3      | Reached XP level 7. HP: 28/33 MP: 14/14
  4281 | D:3      | Found a blossoming altar of Fedhas.
  4358 | D:3      | Found a burning altar of Makhleb.
  4474 | D:4      | Found Muci's Book Boutique.
  4705 | D:4      | Reached skill level 4 in Dodging
  4959 | D:4      | Found Jianwiso's Book Boutique.
  5019 | D:4      | Found Qourph's General Store.
  5025 | D:4      | Bought a scroll of remove curse for 30 gold pieces
  5025 | D:4      | Bought a scroll of teleportation for 30 gold pieces
  5025 | D:4      | Bought a scroll of teleportation for 30 gold pieces
  5025 | D:4      | Bought a scroll of enchant armour for 75 gold pieces
  5214 | D:4      | Found Orocuibla's Gadget Boutique.
  5276 | D:5      | Entered Level 5 of the Dungeon
  5457 | D:4      | Reached skill level 10 in Evocations
  5625 | D:5      | Found an iron altar of Okawaru.
  5660 | D:5      | Reached XP level 8. HP: 39/39 MP: 16/16
  5738 | D:5      | Reached skill level 5 in Dodging
  6982 | D:6      | Noticed Sigmund
  7007 | D:6      | Killed Sigmund
  7230 | D:6      | Reached skill level 6 in Dodging
  7238 | D:6      | Found a staircase to the Ecumenical Temple.
  7307 | D:6      | Noticed Blork the orc
  7441 | D:6      | Noticed Pikel
  7472 | D:6      | Killed Pikel
  7472 | D:6      | Reached skill level 7 in Dodging
  7472 | D:6      | Reached XP level 9. HP: 27/45 MP: 17/19
  7484 | D:6      | Killed Blork the orc
  7532 | D:6      | Noticed Prince Ribbit
  7823 | D:6      | Found a hazy altar of Hepliaklqana.
  7937 | D:6      | Found a runed door.
  8351 | D:6      | Noticed Crazy Yiuf
  8355 | D:6      | Killed Crazy Yiuf
  8406 | D:6      | Found a staircase to the Ecumenical Temple.
  8455 | D:6      | Killed Prince Ribbit
  8671 | D:6      | Found a hazy altar of Hepliaklqana.
  9691 | D:7      | Found a sand-covered staircase.
  9713 | Ossuary  | Entered an ossuary
 10372 | Ossuary  | Reached skill level 8 in Dodging
 11064 | D:8      | Found a stormy altar of Qazlal.
 11136 | D:8      | Got an ancient spear
 11137 | D:8      | Identified the +11 spear "Concordance" {protect, MR+ Int+2 Dex+4 Stlth+} (You found it on level 8 of the Dungeon)
 11211 | D:8      | Found a glowing golden altar of the Shining One.
 11231 | D:8      | Noticed Erica
 11392 | D:4      | Bought a manual of Hexes for 1214 gold pieces
 11662 | D:8      | Reached skill level 5 in Hexes
 11785 | D:8      | Noticed a two-headed ogre
 11800 | D:8      | Killed a two-headed ogre
 11800 | D:8      | Reached XP level 10. HP: 42/51 MP: 21/21
 12162 | D:8      | Killed Erica
 12162 | D:8      | Reached skill level 10 in Hexes
 13323 | D:10     | Entered Level 10 of the Dungeon
 13689 | D:9      | Found a staircase to the Lair.
 14365 | Lair:1   | Entered Level 1 of the Lair of Beasts
 14413 | Lair:1   | Noticed Sonja
 14414 | Lair:1   | Noticed Sonja
 14414 | Lair:1   | Sonja changed into Sonja the raiju
 14422 | Lair:1   | Killed Sonja the raiju
 14422 | Lair:1   | Reached skill level 15 in Hexes
 14440 | Lair:1   | Reached XP level 11. HP: 50/54 MP: 22/22
 14614 | D:4      | Bought a book of Party Tricks for 550 gold pieces
 14621 | D:4      | Learned a level 6 spell: Invisibility
 14828 | Lair:1   | Reached skill level 9 in Dodging
 14857 | Lair:1   | Noticed a six-headed hydra
 14967 | Lair:1   | Killed a six-headed hydra
 14967 | Lair:1   | Reached skill level 5 in Fighting
 15237 | Lair:1   | Reached skill level 1 in Spellcasting
 15634 | Lair:1   | Reached skill level 5 in Spellcasting
 16125 | Lair:2   | Learned a level 3 spell: Tukima's Dance
 16127 | Lair:2   | Learned a level 1 spell: Summon Butterflies
 16129 | Lair:2   | Learned a level 1 spell: Apportation
 16614 | Lair:2   | Noticed an oklob plant
 16633 | Lair:2   | Killed an oklob plant
 16985 | Lair:2   | Found a hole to the Spider Nest.
 17026 | Lair:2   | Reached skill level 10 in Spellcasting
 17237 | Lair:2   | Reached XP level 12. HP: 44/60 MP: 27/27
 17404 | D:4      | Bought a book of Misfortune for 220 gold pieces
 17408 | D:4      | Learned a level 3 spell: Confuse
 17410 | D:4      | Learned a level 1 spell: Confusing Touch
 17835 | Lair:3   | Reached skill level 5 in Stealth
 18002 | Lair:3   | Found a dark tunnel.
 18048 | Volcano  | Entered a volcano
 19170 | Lair:3   | Found a staircase to the Swamp.
 19314 | Lair:3   | Reached skill level 10 in Dodging
 19602 | Lair:4   | Found the +27 Lear's hauberk
 19658 | Lair:4   | Found a snail-covered altar of Cheibriados.
 20119 | Lair:4   | Reached skill level 10 in Stealth
 20555 | Lair:3   | Reached skill level 11 in Dodging
 20557 | Lair:3   | Got a coiled pewter ring
 20844 | Lair:5   | Learned a level 2 spell: Ensorcelled Hibernation
 20998 | Lair:5   | Reached XP level 13. HP: 68/68 MP: 29/29
 21026 | Lair:5   | Found a staircase to the Slime Pits.
 21247 | Lair:5   | Identified the ring of the Secret Deaths {+Fly rF+} (You found it on level 3 of the Lair of Beasts)
 22308 | D:4      | Bought a manual of Short Blades for 1545 gold pieces
 22308 | D:4      | Reached XP level 14. HP: 74/74 MP: 30/30
 22309 | D:4      | Reached skill level 10 in Fighting
 22309 | D:4      | Reached XP level 15. HP: 80/80 MP: 31/31
 22601 | Lair:6   | Entered Level 6 of the Lair of Beasts
 23363 | Lair:6   | Reached skill level 12 in Dodging
 23523 | Lair:6   | Reached skill level 13 in Dodging
 23806 | Lair:6   | Reached skill level 14 in Dodging
 24172 | Lair:6   | Noticed Snorg
 24199 | Lair:6   | Killed Snorg
 25140 | D:10     | Reached skill level 15 in Dodging
 25711 | D:11     | Noticed Nergalle
 25747 | D:11     | Killed Nergalle
 26416 | D:11     | Noticed Grum
 26431 | D:11     | Killed Grum
 26651 | D:11     | Found a staircase to the Orcish Mines.
 27193 | Orc:1    | Entered Level 1 of the Orcish Mines
 27277 | Orc:1    | Noticed Maurice
 27342 | Orc:1    | Killed Maurice
 27618 | Orc:2    | Entered Level 2 of the Orcish Mines
 28368 | Orc:2    | Paralysed by an orc sorcerer for 6 turns
 28661 | Orc:1    | Noticed Erolcha
 29026 | Orc:1    | Noticed Urug
 29040 | Orc:2    | Killed Erolcha
 29040 | Orc:2    | Reached XP level 16. HP: 78/88 MP: 18/32
 29144 | Orc:1    | Killed Urug
 29539 | Orc:2    | Reached skill level 1 in Shields
 29977 | Orc:2    | Found Hituph's Magic Scroll Emporium.
 29977 | Orc:2    | Found Der Vud's Antique Armour Shop.
 29979 | Orc:2    | Found Wizxoliph's Book Emporium.
 29979 | Orc:2    | Found Jeqoron's Gadget Shop.
 30071 | Orc:2    | Bought a sack of spiders for 300 gold pieces
 30386 | D:4      | Bought a sack of spiders for 280 gold pieces
 30386 | D:4      | Bought a wand of digging (7) for 308 gold pieces
 30635 | Orc:2    | Found a staircase to the Elven Halls.
 30798 | Elf:1    | Entered Level 1 of the Elven Halls
 31249 | Elf:1    | Found Umerhyer's General Store.
 31282 | Elf:1    | Reached skill level 5 in Shields
 31426 | Elf:1    | Bought a ration for 75 gold pieces
 31523 | Elf:1    | Noticed Amnesiac's ghost (journeyman SpAr)
 31759 | Elf:1    | Killed Amnesiac's ghost
 31837 | Elf:1    | Identified the Volume of Conjuration
 33097 | Elf:2    | Identified a scroll of acquirement {!r}
 33133 | Elf:2    | Found a runed gate.
 33133 | Elf:2    | Found a runed gate.
 33133 | Elf:2    | Found a runed gate.
 33700 | Elf:2    | Reached skill level 15 in Short Blades
 33725 | Elf:2    | Noticed a deep elf blademaster
 33732 | Elf:2    | Killed a deep elf blademaster
 33732 | Elf:2    | Reached XP level 17. HP: 93/93 MP: 31/33
 34162 | Elf:3    | Entered Level 3 of the Elven Halls
 34234 | Elf:3    | Found Eciy's Weapon Shop.
 34814 | Elf:3    | Noticed a deep elf blademaster
 34844 | Elf:3    | Killed a deep elf blademaster
 35194 | Elf:3    | Reached skill level 15 in Stealth
 35359 | Elf:3    | Got a glittering ruby amulet
 35376 | Elf:3    | Noticed a deep elf blademaster
 35388 | Elf:3    | Killed a deep elf blademaster
 35389 | Elf:3    | Noticed a deep elf blademaster
 35395 | Elf:3    | Noticed an Ice Fiend
 35505 | Elf:3    | Killed a deep elf blademaster
 35518 | Elf:3    | Noticed a deep elf master archer
 35518 | Elf:3    | Noticed a deep elf master archer
 35786 | Elf:3    | Noticed a deep elf master archer
 35790 | Elf:3    | Killed a deep elf master archer
 36014 | Elf:3    | Reached skill level 16 in Dodging
 36170 | Elf:3    | Killed a deep elf master archer
 36591 | Elf:3    | Killed a deep elf master archer
 36605 | Elf:3    | Noticed a deep elf blademaster
 36607 | Elf:3    | Noticed a deep elf master archer
 36610 | Elf:3    | Killed a deep elf master archer
 36613 | Elf:3    | Killed a deep elf blademaster
 36658 | Elf:3    | Identified the amulet of Bemowap {Harm *Drain Stlth+} (You took it off a deep elf archer on level 3 of the Elven Halls)
 36704 | Elf:3    | Identified the Collected Works on Attacks
 36781 | Elf:3    | Identified the Handbook of Envenoming and Ignition
 36784 | Elf:3    | Identified the Reference Book on Dislocation
 36803 | Elf:3    | Identified the Almanac of Ignition and Venom
 36808 | Elf:3    | Learned a level 2 spell: Blink
 37210 | Swamp:1  | Entered Level 1 of the Swamp
 37303 | Swamp:1  | Noticed Donald
 37810 | Swamp:1  | Killed Donald
 38281 | Swamp:2  | Reached XP level 18. HP: 101/101 MP: 31/34
 38862 | Swamp:3  | Reached skill level 17 in Dodging
 38997 | Swamp:3  | Noticed Aizul
 39613 | Swamp:3  | Killed Aizul
 40099 | Swamp:4  | Entered Level 4 of the Swamp
 41683 | Swamp:4  | Got a decaying rune of Zot
 41890 | Spider:1 | Entered Level 1 of the Spider Nest
 41890 | Spider:1 | Found a transporter.
 41993 | Spider:1 | Reached skill level 18 in Dodging
 42735 | Spider:2 | Reached skill level 15 in Fighting
 43319 | Spider:1 | Found a transporter.
 43661 | Spider:1 | Gained mutation: You are weak. (Str -2) [mutagenic glow]
 43682 | Spider:1 | Gained mutation: You are frail. (-10% HP) [mutagenic glow]
 43737 | Spider:1 | Gained mutation: Your skin changes colour to match your surroundings (Stealth+). [mutagenic glow]
 44287 | Spider:1 | Identified the ring "Wigapan" {+Inv rElec rC+ MP+9 Int-2} (You found it on level 1 of the Spider Nest)
 44302 | Spider:1 | Got a heavily runed lapis lazuli ring
 44304 | Spider:1 | Identified the ring "Pudugox" {Int+8 SInv} (You found it on level 1 of the Spider Nest)
 45561 | Spider:3 | Reached skill level 19 in Dodging
 45561 | Spider:3 | Reached XP level 19. HP: 37/98 MP: 0/35
 46900 | Spider:4 | Entered Level 4 of the Spider Nest
 46900 | Spider:4 | Noticed Bai Suzhen
 47273 | Spider:3 | Collided with a rock wall

Vault maps used:
D:1:      lemuel_arrival_muddy, st_stairs_13
D:2:      okawaru_metal_pillars_1_2, minmay_misc_feat_plants,
          hangedman_abyss_or_decor_stabs, minmay_divided_ellipse
D:3:      fedhas_altar_2, makhleb_blood_cavern_becter,
          chequers_ecumenical_altar_simple_redux, elyvilon_altar_5
D:4:      serial_shops, shop, kennysheep_mini, nicolae_shop_waterfront, shop,
          first_ration, nicolae_gozag_seed_capital
D:5:      basic_altar
D:6:      temple_fountains, basic_altar, uniq_prince_ribbit1, uniq_pikel,
          uniq_crazy_yiuf_cottage, uniq_blork_the_orc, uniq_sigmund
D:7:      enter_ossuary_3
D:8:      overflow_temple_1_default, grunt_qazlal_sundering, uniq_erica
D:9:      lair_entry_dummy
D:11:     erik_orc_3, uniq_grum, uniq_nergalle
Lair:1:   grunt_megastairs_3, lemuel_fruit_tree, uniq_sonja
Lair:2:   dpeg_oklob_shooting_range, nicolae_spider_entry_tight_spaces,
          minmay_lair_oklob_chamber
Lair:3:   minmay_swamp_entry_swarm, nicolae_volcano_entry_batcave,
          minmay_lair_oklob_items
Lair:4:   kennysheep_snail_temple, grunt_megastairs_5, serial_bayou_shore_a
Lair:5:   nicolae_slime_entry_slimehenge, roderic_batcave
Lair:6:   minmay_lair_end_frog_pond, st_stairs_4, uniq_snorg
Swamp:1:  serial_swamp_ruin, evilmike_swamp_ruin_house_1,
          evilmike_swamp_ruin_house_2, hangedman_swamp_ruin_wall, swamp_pool4,
          uniq_donald
Swamp:2:  nicolae_swamp_dense_foliage
Swamp:3:  evilmike_swamp_ruin_house_3, infiniplex_staircase_pool, uniq_aizul
Swamp:4:  swamp_fiery, swamp_pool4
Spider:1: gammafunk_its_a_trap
Spider:2: special_room, guppyfry_spider_mini_2
Spider:3: special_room
Spider:4: spider_rune_water, uniq_jorgrun, uniq_bai_suzhen
Orc:1:    uniq_urug, uniq_erolcha, uniq_maurice
Orc:2:    grunt_orc_tribal_feast
Elf:1:    elf_arrival_002, serial_shops, shop, minmay_elf_sorcery
Elf:2:    minmay_strange_pillars, corexii_leaking_fountain, spider_trap
Elf:3:    minmay_elf_hall, serial_shops, nicolae_shop_crystal
Ossuary:  ossuary_the_hunt_dpeg
Volcano:  volcano_village

Skill      XL: |  1  2  3  4  5  6  7  8  9 10 11 12 13 14 15 16 17 18 |
---------------+-------------------------------------------------------+-----
Fighting       | 1 2 3 4 5 7 8 10 11 12 13 15 | 15.9
Evocations     | 5 6 7 8 9 10 12 13 14 | 14.0
Short Blades   | 2 4 11 14 15 | 15.0
Stealth        | 4 10 11 15 | 15.0
Dodging        | 4 7 8 9 11 15 16 19 | 19.1
Hexes          | 8 15 | 15.5
Spellcasting   | 10 11 | 11.0
Shields        | 9 |  9.0

Action                   |  1- 3 |  4- 6 |  7- 9 | 10-12 | 13-15 | 16-18 | 19-21 || total
-------------------------+-------+-------+-------+-------+-------+-------+-------++-------
Melee: Short sword       |    74 |   223 |       |       |       |       |       ||   297
       Dagger            |       |    49 |   763 |  1150 |   978 |   282 |       ||  3222
       Spear             |       |       |     9 |     8 |       |       |       ||    17
       Quick blade       |       |       |       |       |       |  1416 |   127 ||  1543
 Fire: Blowgun           |    17 |    41 |    11 |     3 |       |       |     5 ||    77
Throw: Stone             |       |     7 |       |       |       |       |       ||     7
 Cast: Invisibility      |       |       |       |    19 |    17 |    24 |       ||    60
       Ensorcelled Hiber |       |       |       |     1 |    48 |   138 |     5 ||   192
       Confuse           |       |       |       |       |   142 |   179 |    17 ||   338
       Tukima's Dance    |       |       |       |       |    24 |    17 |       ||    41
       Summon Butterflie |       |       |       |       |       |     3 |       ||     3
       Apportation       |       |       |       |       |       |     7 |       ||     7
       Blink             |       |       |       |       |       |     1 |       ||     1
Invok: Potion Petition   |       |       |       |       |       |     1 |       ||     1
 Abil: Evoke Flight      |       |       |       |       |       |     1 |       ||     1
Evoke: Wand              |     6 |    17 |    10 |    42 |     2 |    51 |     5 ||   133
       Sack of spiders   |       |       |       |       |       |     1 |       ||     1
  Use: Scroll            |       |       |    18 |     4 |     9 |    32 |       ||    63
       Potion            |       |       |       |       |     2 |     7 |       ||     9
 Stab: Sleeping          |     2 |     6 |    13 |    24 |    37 |   117 |     7 ||   206
       Distracted        |       |     1 |     5 |     5 |     8 |    15 |       ||    34
       Betrayed ally     |       |       |     1 |       |       |     1 |       ||     2
       Held in net/web   |       |       |     1 |       |       |       |       ||     1
       Invisible         |       |       |       |    48 |    84 |   106 |       ||   238
       Confused          |       |       |       |       |    69 |    83 |     3 ||   155
  Eat: Ration            |       |     4 |       |    15 |    10 |    15 |       ||    44
Armor: Robe              |    14 |    42 |    74 |    92 |    45 |    87 |     3 ||   357
       Skin              |       |       |    11 |       |       |       |       ||    11
Dodge: Dodged            |    74 |   262 |   528 |   982 |   725 |  1014 |    83 ||  3668
Block: Buckler           |       |       |       |       |       |   253 |    35 ||   288

Table legend:
 A = Spawn XP
 B = Non-spawn XP
 C = Spawn XP percentage of total XP
 D = Spawn monster count
 E = Non-spawn monster count
 F = Spawn count percentage of total count
 G = Total turns spent on level
                    A         B        C        D         E        F      G
               +---------+---------+-------+---------+---------+-------+---------
         Total |       0 |  316582 |   0.0 |       0 |    1120 |   0.0 | 47273
               +---------+---------+-------+---------+---------+-------+---------
           D:1 |       0 |      20 |   0.0 |       0 |      15 |   0.0 |  1425
           D:2 |       0 |     361 |   0.0 |       0 |      37 |   0.0 |  1523
           D:3 |       0 |     303 |   0.0 |       0 |      32 |   0.0 |   907
           D:4 |       0 |     617 |   0.0 |       0 |      29 |   0.0 |  1914
           D:5 |       0 |     520 |   0.0 |       0 |      27 |   0.0 |  1359
           D:6 |       0 |    1589 |   0.0 |       0 |      16 |   0.0 |  2764
           D:7 |       0 |     685 |   0.0 |       0 |      22 |   0.0 |  1130
           D:8 |       0 |    4073 |   0.0 |       0 |      36 |   0.0 |  2233
           D:9 |       0 |    1331 |   0.0 |       0 |      24 |   0.0 |  1540
          D:10 |       0 |    3482 |   0.0 |       0 |      37 |   0.0 |   934
          D:11 |       0 |    7908 |   0.0 |       0 |      66 |   0.0 |  1713
        Lair:1 |       0 |    5603 |   0.0 |       0 |      26 |   0.0 |  1542
        Lair:2 |       0 |    6427 |   0.0 |       0 |      28 |   0.0 |  1357
        Lair:3 |       0 |    6057 |   0.0 |       0 |      23 |   0.0 |  1254
        Lair:4 |       0 |    4888 |   0.0 |       0 |      20 |   0.0 |  1102
        Lair:5 |       0 |    8041 |   0.0 |       0 |      46 |   0.0 |  1862
        Lair:6 |       0 |   21860 |   0.0 |       0 |      76 |   0.0 |  1662
       Swamp:1 |       0 |    6514 |   0.0 |       0 |      17 |   0.0 |   949
       Swamp:2 |       0 |    6732 |   0.0 |       0 |      23 |   0.0 |   756
       Swamp:3 |       0 |   13661 |   0.0 |       0 |      32 |   0.0 |  1283
       Swamp:4 |       0 |   19458 |   0.0 |       0 |      54 |   0.0 |  1631
      Spider:1 |       0 |   16715 |   0.0 |       0 |      49 |   0.0 |  1861
      Spider:2 |       0 |   11991 |   0.0 |       0 |      57 |   0.0 |   913
      Spider:3 |       0 |   27147 |   0.0 |       0 |      68 |   0.0 |  2600
         Orc:1 |       0 |    1977 |   0.0 |       0 |       9 |   0.0 |   618
         Orc:2 |       0 |   13114 |   0.0 |       0 |      72 |   0.0 |  2705
         Elf:1 |       0 |   28358 |   0.0 |       0 |      44 |   0.0 |  1599
         Elf:2 |       0 |   34913 |   0.0 |       0 |      56 |   0.0 |  1928
         Elf:3 |       0 |   59854 |   0.0 |       0 |      60 |   0.0 |  2598
       Ossuary |       0 |     287 |   0.0 |       0 |      13 |   0.0 |   673
       Volcano |       0 |    2096 |   0.0 |       0 |       6 |   0.0 |   929
               +---------+---------+-------+---------+---------+-------+---------
